 Dungeon Crawl Stone Soup version 0.20.1-1-g8b1a95d (webtiles) character file.

2112 ChromeMolly the Covert (level 9, -10/61 HPs)
             Began as an Octopode Fighter on Nov 12, 2017.
             Mangled by Duvessa
             ... wielding a +0 short sword
              (19 damage)
             ... on level 6 of the Dungeon.
             The game lasted 00:34:58 (6920 turns).

ChromeMolly the Covert (Octopode Fighter)           Turns: 6920, Time: 00:34:59

Health: -10/61     AC:  1    Str: 15    XL:     9   Next: 28%
Magic:  9/9        EV: 16    Int: 10    God:
Gold:   27         SH:  7    Dex: 18    Spells: 8/8 levels left

rFire    . . .     SeeInvis .   a - +1 long sword
rCold    . . .     Gourm    .   q - +2 buckler
rNeg     . . .     Faith    .   (helmet restricted)
rPois    .         Spirit   .   (no amulet)
rElec    .         Reflect  .   i - ring of protection from magic
rCorr    .         Harm     .   p - +3 ring of dexterity
MR       +....                  (no ring)
Stlth    +++++.....             (no ring)
Regen    0.2/turn               (no ring)
MPRegen  0.2/turn               (no ring)
                                (no ring)
                                (no ring)

@: no status effects
A: almost no armour, stealthy swim, amphibious, 8 rings, constrict 8, camouflage
1, gelatinous body 1
a: no special abilities


You were on level 6 of the Dungeon.
You were not hungry.

You visited 1 branch of the dungeon, and saw 6 of its levels.

You collected 279 gold pieces.
You spent 252 gold pieces at shops.

Inventory:

Hand Weapons
 a - a +1 long sword (weapon)
 e - a +0 dagger
Missiles
 f - 4 tomahawks (quivered)
 n - 27 bolts
Armour
 b - a +0 shield
 q - a +2 buckler (worn)
Jewellery
 i - a ring of protection from magic (left tentacle)
 p - a +3 ring of dexterity (right tentacle)
Scrolls
 k - a scroll of remove curse
 o - 4 scrolls of teleportation
Potions
 c - a potion of might
 g - 3 potions of ambrosia
 j - 3 potions of curing
 m - 2 potions of haste
 s - a potion of brilliance
 t - 2 potions of heal wounds
 u - a potion of flight
 x - 2 potions of magic
Comestibles
 d - 6 bread rations
 h - a royal jelly
 l - a meat ration
 r - 11 fruits
 v - 5 chunks of flesh


   Skills:
 + Level 5.0 Fighting
 + Level 2.4(4.4) Short Blades
 + Level 5.8(6.1) Long Blades
 * Level 4.8 Throwing
 + Level 5.1 Dodging
 * Level 8.3 Stealth
 + Level 4.2 Shields


You had 8 spell levels left.
You didn't know any spells.

Dungeon Overview and Level Annotations

Branches:
Dungeon (6/15)
 Temple: D:4-7

Altars:
Makhleb
Nemelex Xobeh
Yredelemnul

Shops:
D:5 !

Annotations:
D:6 Duvessa


Innate Abilities, Weirdness & Mutations

You cannot wear most types of armour.
You are very stealthy in the water. (Stealth+)
You are amphibious.
You can wear up to eight rings at the same time.
You can use your tentacles to constrict eight enemies at once.
Your skin changes colour to match your surroundings (Stealth+).
Your rubbery body absorbs attacks. (AC +1, EV +1)


Message History

You are already wielding that!
You hit Duvessa but do no damage. You grab Duvessa.
Duvessa is lightly wounded.
You constrict Duvessa, but do no damage.
Duvessa hits you with a short sword! x2
You hit Duvessa but do no damage. You squeeze Duvessa, but do no damage.
Duvessa is lightly wounded.
You constrict Duvessa. Duvessa misses you.
You riposte.
You hit Duvessa. You squeeze Duvessa, but do no damage.
Duvessa is lightly wounded.
Duvessa hits you with a short sword!
You hit Duvessa.
Duvessa is moderately wounded.
You constrict Duvessa. Duvessa hits you with a short sword!
You hit Duvessa but do no damage. You squeeze Duvessa, but do no damage.
Duvessa is moderately wounded.
You constrict Duvessa. Duvessa hits you with a short sword!
* * * LOW HITPOINT WARNING * * *
Duvessa hits you with a short sword!!
You die...

........# #....#
+.... #########
##....### #....
###...#### #.......#
###..
#.....#....#.......#
#.. #.....#
...#.......# #..
#.....# ...'...|...#
#.. '.....#
#.......# #..
###...# ####.......#
#..
..#...###......#@###
##'
..#.....#......#e..#
#..
..#.....#......#(..#
#..
..#######......#..##
#!.
.............###..#
### '#...........#
...> #
.#...........# ....
# .#..........)#
..... #
##...........# #


You could see Duvessa (berserk).

Vanquished Creatures
  The ghost of archon2 the Carver, a novice DsGl of Okawaru (D:5)
  Eustachio (D:6)
  A sky beast (D:6)
  A phantom (D:6)
  3 centaurs
  2 bullfrogs
  Dowan (D:6)
  3 scorpions
  2 crimson imps
  A bullfrog zombie (D:5)
  A quasit (D:5)
  3 hounds
  4 orc wizards
  Crazy Yiuf (D:2)
  A bullfrog skeleton (D:5)
  2 iguanas (D:6)
  Jessica (D:2)
  Natasha (thrice) (D:4)
  3 worker ants
  A worker ant zombie (D:6)
  4 gnolls (D:5)
  A howler monkey skeleton (D:4)
  5 adders
  A shadow imp (D:6)
  2 oozes (D:1)
  2 worms
  A dart slug (D:2)
  4 leopard geckos
  15 orcs
  2 ball pythons
  10 bats
  5 giant cockroaches
  12 hobgoblins
  2 jackals (D:2)
  3 quokkas
  2 frilled lizards
  7 goblins
  9 kobolds
  A leopard gecko skeleton (D:6)
  A quokka zombie (D:5)
  4 rats
129 creatures vanquished.

Notes
Turn   | Place    | Note
-------+----------+-------------------------------------------
     0 | D:1      | ChromeMolly the Octopode Fighter began the quest for the Orb.
     0 | D:1      | Reached XP level 1. HP: 16/16 MP: 1/1
   270 | D:1      | Reached XP level 2. HP: 20/21 MP: 2/2
   470 | D:1      | You fall through a shaft!
   552 | D:2      | Reached XP level 3. HP: 21/26 MP: 3/3
   641 | D:2      | Noticed Jessica
   649 | D:2      | Killed Jessica
   649 | D:2      | Reached skill level 1 in Throwing
   649 | D:2      | Reached skill level 1 in Stealth
   671 | D:2      | Reached XP level 4. HP: 26/31 MP: 4/4
   762 | D:2      | Found a runed door.
   920 | D:1      | Reached skill level 2 in Stealth
  2086 | D:2      | Noticed Crazy Yiuf
  2092 | D:2      | Killed Crazy Yiuf
  2092 | D:2      | Reached skill level 3 in Stealth
  2092 | D:2      | Reached XP level 5. HP: 21/36 MP: 5/5
  2448 | D:3      | Reached skill level 1 in Short Blades
  2448 | D:3      | Reached skill level 4 in Stealth
  3254 | D:4      | Noticed Natasha
  3261 | D:4      | Killed Natasha
  3397 | D:4      | Found a basalt altar of Yredelemnul.
  3397 | D:4      | Found a burning altar of Makhleb.
  3523 | D:4      | Reached XP level 6. HP: 43/43 MP: 6/6
  3644 | D:4      | Noticed Natasha
  3652 | D:4      | Killed Natasha
  3867 | D:4      | Noticed Natasha
  3875 | D:4      | Killed Natasha
  3875 | D:4      | Reached skill level 5 in Stealth
  4262 | D:5      | Entered Level 5 of the Dungeon
  4418 | D:5      | Reached XP level 7. HP: 37/48 MP: 7/7
  4449 | D:5      | Noticed archon2's ghost (novice DsGl)
  4591 | D:5      | Found Foafuist's Distillery.
  4713 | D:5      | Killed archon2's ghost
  4713 | D:5      | Reached skill level 6 in Stealth
  4713 | D:5      | Reached XP level 8. HP: 4/54 MP: 8/8
  5185 | D:5      | Found a sparkling altar of Nemelex Xobeh.
  5277 | D:5      | Bought a potion of curing for 42 gold pieces
  5277 | D:5      | Bought a potion of heal wounds for 70 gold pieces
  5277 | D:5      | Bought a potion of haste for 140 gold pieces
  5947 | D:6      | Reached skill level 7 in Stealth
  6006 | D:6      | Reached skill level 5 in Long Blades
  6375 | D:6      | Reached skill level 5 in Fighting
  6412 | D:6      | Reached XP level 9. HP: 37/61 MP: 9/9
  6682 | D:6      | Reached skill level 8 in Stealth
  6721 | D:6      | Reached skill level 5 in Dodging
  6894 | D:6      | Noticed Eustachio
  6903 | D:6      | Killed Eustachio
  6912 | D:6      | Noticed Duvessa
  6912 | D:6      | Noticed Dowan
  6914 | D:6      | Killed Dowan
  6920 | D:6      | Mangled by Duvessa

Skill      XL: |  1  2  3  4  5  6  7  8  9 |
---------------+----------------------------+-----
Throwing       | 1 2 3 4 |  4.8
Stealth        | 1 3 4 5 6 7 8 |  8.3
Short Blades   | 1 2 |  2.4
Long Blades    | 3 4 5 |  5.8
Fighting       | 4 5 |  5.0
Dodging        | 4 5 |  5.1
Shields        | 4 |  4.2

Action                   |  1- 3 |  4- 6 |  7- 9 || total
-------------------------+-------+-------+-------++-------
Melee: Long sword        |    20 |    49 |   105 ||   174
       Dagger            |    25 |    79 |    31 ||   135
       Constrict         |    15 |    35 |    26 ||    76
       Tentacles         |     3 |    31 |    35 ||    69
Throw: Tomahawk          |     2 |     6 |     7 ||    15
       Javelin           |       |     2 |    10 ||    12
  Use: Scroll            |       |    10 |     8 ||    18
       Potion            |       |       |     5 ||     5
 Stab: Sleeping          |     4 |    11 |    11 ||    26
       Invisible         |       |       |     2 ||     2
       Distracted        |       |       |     1 ||     1
  Eat: Chunk             |       |    10 |     9 ||    19
Armor: Skin              |     2 |    12 |     4 ||    18
Dodge: Dodged            |    14 |    44 |   112 ||   170
Block: Shield            |    21 |    25 |       ||    46
       Buckler           |       |    16 |    39 ||    55
       Rpst.: Long sword |       |     4 |    21 ||    25
